 Dungeon Crawl Stone Soup version 0.29-a0-553-g81b289dbe5 (webtiles) character file.

Game seed: 14336628363868482467

4 nobbins the Conjurer (level 1, -3/14 HPs)
             Began as a Draconian Conjurer on June 6, 2022.
             Killed from afar by a dart slug (5 damage)
             ... with a slug dart
             ... on level 1 of the Dungeon.
             The game lasted 00:01:37 (471 turns).

nobbins the Conjurer (Draconian Conjurer)            Turns: 471, Time: 00:01:38

Health: -3/14      AC:  4    Str:  9    XL:     1   Next: 58%
Magic:  0/3        EV: 12    Int: 18    God:
Gold:   0          SH:  0    Dex:  9    Spells: 3/4 levels left

rFire   . . .      SeeInvis .   b - +0 whip
rCold   . . .      Faith    .   (no shield)
rNeg    . . .      Spirit   .   (body armour unavailable)
rPois   .          Reflect  .   (helmet restricted)
rElec   .          Harm     .   (no cloak)
rCorr   .          Rampage  .   (no gloves)
Will    .....                   (no boots)
Stlth   ++........              (no amulet)
HPRegen 0.04/turn               (no ring)
MPRegen 0.08/turn               (no ring)

@: no status effects
A: AC +4, unfitting armour, cold-blooded
a: no special abilities


You were on level 1 of the Dungeon.
You visited 1 branch of the dungeon, and saw 1 of its levels.

Inventory:

Hand Weapons
 b - a +0 whip (weapon)
Potions
 a - a potion of magic


   Skills:
 + Level 1.8 Dodging
 + Level 1.7 Stealth
 + Level 0.4 Unarmed Combat
 + Level 2.1 Spellcasting
 + Level 4.0 Conjurations


You had 3 spell levels left.
You knew the following spells:

 Your Spells              Type           Power      Damage    Failure   Level
a - Magic Dart            Conj           64%        1d6       3%          1

Your spell library contained the following spells:

 Spells                   Type           Power      Damage    Failure   Level
 Searing Ray              Conj           32%        2d5       4%          2
 Dazzling Flash           Conj/Hex       18%        N/A       24%         3
 Fulminant Prism          Conj/Hex       4%         3d6       61%         4
 Iskenderun's Mystic Bla  Conj/Tloc      9%         2d4       61%         4


Dungeon Overview and Level Annotations

Branches:
Dungeon (1/15)

Altars:


Innate Abilities, Weirdness & Mutations

Your plain brown scales are hard. (AC +4)
You cannot fit into any form of body armour.
You are cold-blooded and may be slowed by cold attacks.


Message History

There is an open door here.
The kobold attacks as you move away! The kobold hits you but does no damage.
You barely miss the hobgoblin. The hobgoblin hits you.
You closely miss the hobgoblin. The hobgoblin barely misses you.
You hit the hobgoblin but do no damage. The hobgoblin barely misses you.
You closely miss the hobgoblin. The hobgoblin hits you.
* * * LOW HITPOINT WARNING * * *
You barely miss the hobgoblin. The hobgoblin closely misses you.
The hobgoblin hits you but does no damage.
Casting: Magic Dart (safe; 3% risk of failure)
Confirm with . or Enter, or press ? or * to list all spells.
Aiming: Magic Dart (safe; 3% risk of failure)
Press: ? - help, Shift-Dir - straight line, f/p - kobold
Aim: a kobold, wielding a +0 short sword (moderately wounded, 100% to hit)
The magic dart hits the hobgoblin.
The hobgoblin is almost dead.
The hobgoblin misses you.
You barely miss the hobgoblin.
Your tail-slap misses the hobgoblin.
The hobgoblin is almost dead.
The hobgoblin hits you.
* * * LOW HITPOINT WARNING * * *
You barely miss the hobgoblin.
The hobgoblin is almost dead.
The hobgoblin hits you but does no damage.
You barely miss the hobgoblin. You tail-slap the hobgoblin.
You kill the hobgoblin!
You hit the dart slug.
The dart slug is moderately wounded.
The dart slug launches a dart at you. The slug dart misses you.
Casting: Magic Dart (safe; 3% risk of failure)
Confirm with . or Enter, or press ? or * to list all spells.
Aiming: Magic Dart (safe; 3% risk of failure)
Press: ? - help, Shift-Dir - straight line, f/p - kobold
Aim: a kobold, wielding a +0 short sword (100% to hit)
The magic dart hits the dart slug.
The dart slug is heavily wounded.
The dart slug launches a dart at you. The slug dart hits you.
You die...

#.[...... ...
#......###.##
+...........#.
#.............
#..........#
#.........##
#.....K...# ######w####
#...@..# #..#''#.# ....
#..#.# ♣♣ ### #..# #
♣♣♣ .♣ ♣♣♣ #..#
###############..#
.................#
.................#####
......##.....##..#8.8##


You could see a dart slug and a kobold.

Vanquished Creatures
  A hobgoblin (D:1)
  A quokka (D:1)
  2 frilled lizards (D:1)
  A kobold (D:1)
5 creatures vanquished.

Notes
Turn   | Place    | Note
-------+----------+-------------------------------------------
     0 | D:1      | nobbins the Draconian Conjurer began the quest for the Orb.
     0 | D:1      | Reached XP level 1. HP: 14/14 MP: 3/3
   471 | D:1      | Killed from afar by a dart slug

Illustrated notes

Levels and vault maps discovered:
D:1:      beargit_arrival_diablo_church, layout_basic, st_stairs_13

Action                   || total
-------------------------++-------
Melee: Unarmed           ||    15
       Whip              ||     9
       Tailslap          ||     1
 Cast: Magic Dart        ||     9
  Use: Scroll            ||     1
Armor: Skin              ||     7
Dodge: Dodged            ||    20

Table legend: (Time is in decaauts)
 A = Elapsed time spent in this place.
 B = Non-inter-level travel time spent in this place.
 C = Inter-level travel time spent in this place.
 D = Time resting spent in this place.
 E = Time spent auto-exploring this place.
 F = Levels seen in this place.
 G = Mean time per level.
                   A        B        C        D        E       F      G
               +--------+--------+--------+--------+--------+-----+--------+
         Total |    471 |    471 |      0 |    320 |      0 |   1 |  471.0 |
       Dungeon |    471 |    471 |      0 |    320 |      0 |   1 |  471.0 |
               +--------+--------+--------+--------+--------+-----+--------+

Top non-repeatable levels by time:
     D:1: 471 daAuts
